 Dungeon Crawl Stone Soup version 0.29.1-14-g9c671dbff4 (webtiles) character file.

Game seed: 14400944949266783170

596 Ast3rio the Chopper (level 7, -2/60 HPs)
             Began as a Hill Orc Fighter on Feb 15, 2023.
             Was an Initiate of Beogh.
             Slain by an ogre
             ... wielding a +0 giant club
              (4 damage)
             ... on level 5 of the Dungeon on Feb 16, 2023.
             The game lasted 00:06:53 (3601 turns).

Ast3rio the Chopper (Hill Orc Fighter)              Turns: 3601, Time: 00:06:55

Health: -2/60      AC:  5    Str: 21    XL:     7   Next: 40%
Magic:  16/16      EV: 11    Int:  8    God:    Beogh [......]
Gold:   177        SH:  4    Dex: 10    Spells: 6/6 levels left

rFire   . . .      SeeInvis .   a - +0 war axe
rCold   . . .      Faith    .   c - +0 buckler
rNeg    . . .      Spirit   .   v - +2 leather armour "Ewkoeleg" {*Slow Will+ Slay+3 Stlth+}
rPois   +          Reflect  .   (no helmet)
rElec   .          Harm     .   (no cloak)
rCorr   .          Rampage  .   (no gloves)
Will    +....                   (no boots)
Stlth   ++........              (no amulet)
HPRegen 0.20/turn               q - ring of magical power
MPRegen 0.15/turn               p - ring of poison resistance

@: no status effects
A: no striking features
a: Renounce Religion


You were on level 5 of the Dungeon.
You worshipped Beogh.
Beogh was noncommittal.
You visited 1 branch of the dungeon, and saw 5 of its levels.

You collected 177 gold pieces.

Inventory:

Hand Weapons
 a - a +0 war axe (weapon)
Armour
 b - a +0 scale mail
 c - a +0 buckler (worn)
 v - the +2 leather armour "Ewkoeleg" (worn) {*Slow Will+ Slay+3 Stlth+}
   (You found it on level 4 of the Dungeon)

   Slay:      It affects your accuracy & damage with ranged weapons and melee
   (+3).
   *Slow:     It may slow you when you take damage.
   Will:      It increases your willpower.
   Stlth:     It makes you more stealthy.
Magical Staves
 i - a staff of fire
Jewellery
 n - a ring of positive energy
 p - a ring of poison resistance (right hand)
 q - a ring of magical power (left hand)
 r - a ring of positive energy
 s - the ring "Poufyvob" {+Blink rF+ Dex+3}
   (You found it on level 4 of the Dungeon)

   [ring of protection from fire]

   Dex:       It affects your dexterity (+3).
   rF:        It protects you from fire.
   +Blink:    It lets you blink.
 u - an amulet of faith
Wands
 o - a wand of charming (1)
Scrolls
 e - 3 scrolls of immolation {unknown}
 f - 4 scrolls of identify {unknown}
 k - 2 scrolls of silence {unknown}
 m - a scroll of blinking {unknown}
 y - a scroll of teleportation {unknown}
 z - a scroll of noise {unknown}
Potions
 d - a potion of might
 g - 2 potions of curing
 h - a potion of heal wounds
 j - a potion of attraction {unknown}
 l - a potion of invisibility {unknown}
 t - a potion of brilliance {unknown}
 w - a potion of haste {unknown}
 x - a potion of berserk rage {unknown}


   Skills:
 + Level 4.8 Fighting
 + Level 6.6 Axes
 + Level 5.7 Armour
 + Level 1.3 Dodging
 + Level 0.5 Stealth
 + Level 4.4 Shields


You had 6 spell levels left.
You didn't know any spells.
Your spell library contained the following spells:

 Spells                   Type           Power      Damage    Failure   Level
 Sublimation of Blood     Necr           0%         N/A       69%         2
 Wereblood                Tmut           0%         N/A       69%         2
 Malign Gateway           Summ/Tloc      0%         N/A       100%        7
 Summon Hydra             Summ           0%         N/A       100%        7
 Summon Horrible Things   Summ           0%         N/A       100%        8


Dungeon Overview and Level Annotations

Branches:
Dungeon (5/15)
 Temple: D:4-7

Altars:
Okawaru


Message History

An ufetubus comes into view.
Found 3 scrolls labelled OTIGEMMAYCK.
Found a stone staircase leading up.
The ufetubus shouts!
The ogre shouts!
A hound comes into view.
You hear a shout! x2
An orc comes into view. It is wielding a +0 club.
An orc comes into view. It is wielding a +0 short sword.
Found 9 gold pieces.
The ogre hits you with a +0 giant club.
An orc comes into view. It is wielding a +0 club.
The orc shouts!
You slash the ufetubus!
You kill the ufetubus!
You barely miss the ogre. You closely miss the hound.
The hound barely misses you.
An orc priest comes into view. It is wielding a +0 mace.
The hound bites you. The ogre hits you with a +0 giant club.
The hound bites you but does no damage.
Found a robe.
The orc priest shouts, "Beogh is our master!
Accept the truth or die!" (press Y on the ability menu to convert to Beogh)
The orc priest shouts!
The hound barely misses you.
The ogre hits you with a +0 giant club!!
The orc barely misses you.
You bow before the missionary of Beogh.
Beogh welcomes you!
With a roar of approval, the orcs welcome you as one of their own, and spare your life.
The hound barely misses you. You block the hound's attack.
The hound attacks as you move away! The hound barely misses you.
The ogre misses you.
The orc hits the hound with a +0 club.
The hound bites you but does no damage.
The ogre hits you with a +0 giant club!!
* * * LOW HITPOINT WARNING * * *
You hit the hound.
The hound is moderately wounded.
You hit the ogre. The hound closely misses you.
The orc closely misses the hound.
The hound bites you.
* * * LOW HITPOINT WARNING * * *
The ogre hits you with a +0 giant club.
You die...

........# #.# ........#
#.# ........#
#####.###### ........#
#..........## ........#
#.<......o...
.>.....#####.......<....
......#.........o..?....
.........####..Oh...o...
....###### ##..@....o.[
...## #.......... .###
##......$## .# #....#..#
## #######..# # #.. # #.


You could see an ogre, a hound, a neutral orc priest (wandering) and 3 neutral
orcs.

Vanquished Creatures
  A water moccasin (D:5)
  A black bear (D:4)
  A phantom (D:4)
  Blork the orc (D:4)
  A scorpion (D:5)
  A jelly (D:4)
  2 hounds
  An iguana (D:4)
  Natasha (D:2)
  An adder (D:5)
  2 ufetubi
  A worm (D:4)
  4 orcs (D:5)
  4 endoplasms
  A giant cockroach (D:4)
  2 goblins (D:2)
  5 hobgoblins
  7 jackals
  4 kobolds
  2 quokkas
  2 ball pythons
  A bat (D:2)
  2 frilled lizards
  A rat (D:2)
49 creatures vanquished.

Notes
Turn   | Place    | Note
-------+----------+-------------------------------------------
     0 | D:1      | Ast3rio the Hill Orc Fighter began the quest for the Orb.
     0 | D:1      | Reached XP level 1. HP: 19/19 MP: 1/1
   798 | D:2      | Reached XP level 2. HP: 27/27 MP: 2/2
   806 | D:2      | Reached skill level 3 in Axes
  1110 | D:2      | Found an iron altar of Okawaru.
  1306 | D:2      | Found a faded altar of an unknown god.
  1556 | D:2      | Noticed Natasha
  1562 | D:2      | Killed Natasha
  1563 | D:2      | Reached skill level 4 in Axes
  1563 | D:2      | Reached XP level 3. HP: 28/33 MP: 3/3
  1804 | D:4      | Identified the ring "Poufyvob" {+Blink rF+ Dex+3}
  1926 | D:4      | Noticed a phantom
  1933 | D:4      | Killed a phantom
  1934 | D:4      | Reached XP level 4. HP: 34/40 MP: 4/4
  1934 | D:4      | Reached XP level 5. HP: 39/46 MP: 5/5
  2211 | D:4      | Noticed Blork the orc
  2220 | D:4      | Killed Blork the orc
  2221 | D:4      | Reached skill level 5 in Axes
  2221 | D:4      | Reached skill level 1 in Dodging
  2221 | D:4      | Reached XP level 6. HP: 10/53 MP: 6/6
  2494 | D:4      | Identified the +2 leather armour "Ewkoeleg" {*Slow Will+
                  | Slay+3 Stlth+}
  2496 | D:4      | Noticed a black bear
  2501 | D:4      | Killed a black bear
  2502 | D:4      | Reached skill level 5 in Armour
  2952 | D:5      | Entered Level 5 of the Dungeon
  2956 | D:5      | Noticed a water moccasin
  2972 | D:5      | Killed a water moccasin
  2973 | D:5      | Reached skill level 6 in Axes
  2973 | D:5      | Reached XP level 7. HP: 11/60 MP: 7/7
  3598 | D:5      | Became a worshipper of Beogh the Brigand
  3600 | D:5      | HP: 2/60 [ogre/+0 giant club (27)]
  3601 | D:5      | Slain by an ogre

Illustrated notes

Levels and vault maps discovered:
D:1:      dpeg_arrival_snail, layout_basic
D:2:      layout_loops_ring, ebering_ecumenical_altar_box, basic_altar,
          uniq_natasha
D:3:      layout_basic, grunt_temple_overflow_open, makhleb_altar_promises_db,
          mainiacjoe_overflow_alcove_1, serial_shops, shop,
          dreamdust_mushroom_princess
D:4:      layout_basic, minmay_strange_pillars, minmay_starry_boxes,
          uniq_blork_the_orc
D:5:      layout_cave_pods, nicolae_gozag_seed_capital,
          mainiacjoe_overflow_brackets, minmay_temple_entry_mini_moons,
          dk_rats_in_the_wall

Skill      XL: |  1  2  3  4  5  6 |
---------------+-------------------+-----
Axes           | 4 5 6 |  6.6
Fighting       | 4 |  4.8
Armour         | 4 5 |  5.7
Dodging        | 1 |  1.3
Shields        | 4 |  4.4
Stealth        | |  0.5

Action                   |  1- 3 |  4- 6 |  7- 9 || total
-------------------------+-------+-------+-------++-------
Melee: War axe           |    87 |    45 |    28 ||   160
Invok: Convert to Beogh  |       |       |     1 ||     1
  Use: Potion            |       |       |     2 ||     2
Armor: Scale mail        |    67 |    15 |       ||    82
       Leather armour    |       |     4 |     9 ||    13
Dodge: Dodged            |    69 |    24 |    31 ||   124
Block: Buckler           |    32 |    11 |     6 ||    49
